 Dungeon Crawl Stone Soup version 0.15.2 (webtiles) character file.

7946 kekRU the Conjurer (level 11, 62/62 HPs)
             Began as a Gargoyle Fire Elementalist on Dec 10, 2014.
             Was an Elder of Vehumet.
             Drowned
             ... on Level 1 of the Lair of Beasts.
             The game lasted 01:07:20 (12736 turns).

kekRU the Conjurer (Gargoyle Fire Elementalist)    Turns: 12736, Time: 01:07:20

HP  62/62        AC 15     Str 11      XL: 11   Next: 23%
MP  23/23        EV 12     Int 20      God: Vehumet [****..]
Gold 462         SH  0     Dex 12      Spells:  5 memorised,  4 levels left

rFire  . . .     SeeInvis +     g - +2 whip (freeze)
rCold  . . .     Clarity  .     m - +1 leather armour
rNeg   + . .     rCorr    .     (no shield)
rPois  +         rRot     +     (no helmet)
rElec  +         Spirit   .     y - +1 cloak
SustAb .         Warding  .     v - +0 pair of gloves
rMut   .         Stasis   +     J - +0 pair of boots (curse)
Gourm  .                        r - amulet of Ixzierob {Stasis Dex+2}
MR     .....                    u - ring of see invisible
                                k - ring of stealth

@: not resistant to hostile enchantments, unstealthy
A: negative energy resistance 1, electricity resistance, unbreathing,
petrification resistance, rot immunity, AC +7
a: Renounce Religion


You were on level 1 of the Lair of Beasts.
You worshipped Vehumet.
Vehumet was greatly pleased with you.
You were not hungry.

You visited 3 branches of the dungeon, and saw 10 of its levels.

You collected 462 gold pieces.

Inventory:

Hand weapons
 g - a +2 whip of freezing (weapon)
 I - the +11 halberd of Klyot {chop, +Blink rN+ Int+2}
   (You found it on level 1 of the Lair of Beasts)

   It inflicts extra damage upon your enemies.
   It affects your intelligence (+2).
   It protects you from negative energy.
   It lets you blink.
Armour
 f - a +0 large shield
 m - a +1 leather armour (worn)
 v - a +0 pair of gloves (worn)
 y - a +1 cloak (worn)
 J - a cursed +0 pair of boots (worn)
Magical devices
 B - a wand of magic darts (11)
Comestibles
 c - 4 bread rations
 j - 26 fruits
 l - 5 slices of pizza
 t - 2 meat rations
 w - a chunk of electric eel flesh
 A - a royal jelly
Scrolls
 a - 2 scrolls of fear
 d - 5 scrolls of remove curse
 i - 6 scrolls of teleportation
 x - a scroll of magic mapping {unknown}
 C - a scroll of brand weapon {unknown}
 D - a scroll of summoning {unknown}
 E - a scroll of enchant weapon {unknown}
 F - a scroll of identify
Jewellery
 k - a ring of stealth (left hand)
 r - the amulet of Ixzierob (around neck) {Stasis Dex+2}
   (You found it on level 6 of the Dungeon)

   [amulet of stasis]

   It prevents you from being teleported, slowed, hasted or paralysed.
   It affects your dexterity (+2).
 u - a ring of see invisible (right hand)
Potions
 e - 3 potions of heal wounds
 o - 2 potions of haste
 p - a potion of berserk rage
 q - a potion of might
 s - a potion of resistance
 z - 5 potions of curing
Books
 b - a book of Flames

   Spells                             Type                      Level
   *Flame Tongue                      Conjuration/Fire             1
   Throw Flame                        Conjuration/Fire             2
   *Conjure Flame                     Conjuration/Fire             3
   Inner Flame                        Hexes/Fire                   3
   *Sticky Flame                      Conjuration/Fire             4
   *Fireball                          Conjuration/Fire             5
 h - a book of Maledictions

   Spells                             Type                      Level
   Corona                             Hexes                        1
   Sure Blade                         Hexes/Charms                 2
   Ensorcelled Hibernation            Hexes/Ice                    2
   Confuse                            Hexes                        3
   Dazzling Spray                     Conjuration/Hexes            3
   Enslavement                        Hexes                        4
 n - a book of Ice

   Spells                             Type                      Level
   Metabolic Englaciation             Hexes/Ice                    5
   Ozocubu's Refrigeration            Ice                          6
   Bolt of Cold                       Conjuration/Ice              6
   Freezing Cloud                     Conjuration/Ice/Air          6
   Simulacrum                         Ice/Necromancy               6
Magical staves
 G - an uncursed staff of energy


   Skills:
 + Level 4.3 Fighting
 + Level 4.7 Maces & Flails
 + Level 3.9 Dodging
 - Level 2.1 Stealth
 + Level 5.0 Spellcasting
 * Level 9.9 Conjurations
 * Level 9.7 Fire Magic
 * Level 4.1 Air Magic
 + Level 3.3 Evocations


You had 4 spell levels left.
You knew the following spells:

 Your Spells              Type           Power        Failure   Level  Hunger
a - Flame Tongue          Conj/Fire      #####        1%          1    None
b - Conjure Flame         Conj/Fire      #####...     1%          3    ##.....
c - Sticky Flame          Conj/Fire      #####...     1%          4    ####...
d - Fireball              Conj/Fire      #####.....   2%          5    #####..
e - Static Discharge      Conj/Air       ####....     1%          3    ##.....


Dungeon Overview and Level Annotations

Branches:
Dungeon (8/15)             Temple (1/1) D:6            Lair (1/8) D:8

Altars:
Ashenzari
Cheibriados
Dithmenos
Elyvilon
Fedhas
Kikubaaqudgha
Makhleb
Nemelex Xobeh
Okawaru
Qazlal
Sif Muna
Trog
Vehumet
Xom
Yredelemnul
Zin
The Shining One

Shops:
D:5 [   D:7 !


Innate Abilities, Weirdness & Mutations

You are resistant to torment.
You are immune to poison.
Your stone body is very resilient (AC +7).
You resist negative energy.
You are resistant to electric shocks.
You can survive without breathing.
You are immune to petrification.
You are immune to rotting.


Message History

You enter the shallow water.
Moving in this stuff is going to be slow.
Partly explored, can't reach some places.
Partly explored, can't reach some places.
Wield which item (- for none, * to show all)? (? for menu, Esc to quit)
You feel clever.
I - the +11 halberd of Klyot (weapon)
{chop, +Blink rN+ Int+2} Wield which item (- for none, * to show all)? (? for menu, Esc to quit)
It glows with a cold blue light!
g - a +2 whip of freezing (weapon)
Drink which item? (? for menu, Esc to quit)
You feel very buoyant.
You fly up into the air.
Careful!
You are starting to lose your buoyancy.
Found 28 gold pieces.
Found 29 gold pieces.
Found an opal ring.
You float gracefully downwards.
You fall into the water!
You sink like a stone!
You fall apart...
You die...

#..................≈≈≈
####################≈≈
### ##### ## #=$$≈##
##≈ #$$$≈≈## ###≈≈
#..≈≈≈≈# ##≈≈≈≈
#..≈≈≈## ####≈≈≈≈#
#..@≈≈### ##≈≈≈≈≈≈##
###≈≈≈≈≈###≈≈≈≈≈≈##
##≈≈≈≈≈≈≈≈≈≈≈###
###≈≈≈≈≈≈≈###
###≈≈≈### #####


There were no monsters in sight!

Vanquished Creatures
  The ghost of bernadottes the Fighter, an experienced FoAK of Lugonu (Lair:1)
  Pikel (D:5)
  2 komodo dragons
  A fire drake (Lair:1)
  A blink frog (Lair:1)
  A hippogriff (D:8)
  A wyvern (D:8)
  A hungry ghost (D:7)
  Eustachio (D:5)
  A deep elf fighter (D:8)
  A steam dragon (D:8)
  5 water moccasins (Lair:1)
  4 ogres
  A phantom (D:7)
  4 orc warriors
  5 sky beasts
  A black bear (D:6)
  A centaur (D:8)
  5 giant frogs
  A crocodile (Lair:1)
  Duvessa (D:8)
  A big kobold (D:8)
  2 insubstantial wisps (D:8)
  3 scorpions
  An eye of draining (D:8)
  A water moccasin skeleton (D:6)
  A troll zombie (D:8)
  12 wights
  A goliath beetle (D:6)
  Dowan (D:8)
  4 electric eels (Lair:1)
  4 orc priests
  5 crimson imps
  6 orc wizards
  6 hounds
  3 jellies
  4 iguanas
  8 worker ants
  6 sheep
  3 adders
  An orc skeleton (D:8)
  An inept item mimic (D:7)
  A steam dragon skeleton (D:8)
  2 giant mites
  12 green rats
  2 shadow imps
  4 worms
  2 adder skeletons
  4 giant geckos
  2 oozes (D:2)
  27 orcs
  5 ball pythons
  34 bats
  A bat zombie (D:8)
  12 giant cockroaches
  11 goblins
  11 hobgoblins
  4 jackals
  19 kobolds
  4 quokkas
  A giant gecko skeleton (D:8)
  8 giant newts
  A gnoll zombie (D:7)
  2 hobgoblin skeletons
  A kobold skeleton (D:7)
  24 rats
308 creatures vanquished.

Vanquished Creatures (others)
  A crimson imp (D:5)
  An ooze (D:5)
  A hobgoblin (D:5)
  A kobold (D:5)
4 creatures vanquished.

Grand Total: 312 creatures vanquished

Notes
Turn   | Place    | Note
--------------------------------------------------------------
     0 | D:1      | kekRU, the Gargoyle Fire Elementalist, began the quest for the Orb.
     0 | D:1      | Reached XP level 1. HP: 10/10 MP: 3/3
   188 | D:1      | Reached XP level 2. HP: 15/15 MP: 1/4
   954 | D:1      | Reached XP level 3. HP: 19/19 MP: 3/6
   989 | D:1      | Learned a level 3 spell: Conjure Flame
  1506 | D:2      | Reached XP level 4. HP: 24/24 MP: 1/8
  2121 | D:3      | Reached skill level 4 in Fire Magic
  2887 | D:4      | Reached XP level 5. HP: 28/28 MP: 5/9
  2893 | D:4      | Learned a level 4 spell: Sticky Flame
  3070 | D:4      | Reached XP level 6. HP: 5/32 MP: 0/11
  3260 | D:4      | Reached skill level 5 in Fire Magic
  4002 | D:5      | Entered Level 5 of the Dungeon
  4120 | D:5      | Noticed Eustachio
  4126 | D:5      | Killed Eustachio
  4126 | D:5      | Reached skill level 5 in Conjurations
  4126 | D:5      | Reached XP level 7. HP: 31/36 MP: 3/13
  4226 | D:5      | Reached skill level 6 in Fire Magic
  4248 | D:5      | Noticed Pikel
  4272 | D:5      | Killed Pikel
  4272 | D:5      | Reached skill level 7 in Fire Magic
  4272 | D:5      | Reached XP level 8. HP: 41/41 MP: 3/14
  4468 | D:5      | Found a shattered altar of Ashenzari.
  4732 | D:5      | Found Wanan's Antique Armour Shop.
  4834 | D:5      | Reached skill level 1 in Fighting
  4988 | D:5      | Reached skill level 1 in Maces & Flails
  5623 | D:6      | Reached XP level 9. HP: 47/49 MP: 12/18
  5717 | D:6      | Found a staircase to the Ecumenical Temple.
  5731 | Temple   | Entered the Ecumenical Temple
  5776 | Temple   | Became a worshipper of Vehumet
  6114 | D:6      | Learned a level 6 spell: Freezing Cloud
  6143 | D:6      | Got a shimmering copper amulet
  6244 | D:6      | Reached skill level 8 in Conjurations
  6554 | D:7      | Identified the amulet of Ixzierob {Stasis Dex+2} (You found it on level 6 of the Dungeon)
  6719 | D:7      | Reached skill level 1 in Air Magic
  6959 | D:7      | Found Emotsim's Distillery.
  7111 | D:7      | Acquired Vehumet's first power
  7111 | D:7      | Offered knowledge of Sting by Vehumet.
  7910 | D:8      | Offered knowledge of Searing Ray by Vehumet.
  8007 | D:8      | Noticed Duvessa
  8007 | D:8      | Noticed Dowan
  8038 | D:8      | Killed Duvessa
  8038 | D:8      | Killed Dowan
  8106 | D:8      | Reached XP level 10. HP: 52/56 MP: 11/20
  8502 | D:8      | Reached skill level 1 in Evocations
  8776 | D:8      | Offered knowledge of Static Discharge by Vehumet.
  8808 | D:8      | Learned a level 3 spell: Static Discharge
  8815 | D:8      | Learned a level 5 spell: Fireball
  9017 | D:8      | Reached skill level 9 in Conjurations
  9127 | D:8      | Found a staircase to the Lair.
  9830 | D:8      | Acquired Vehumet's second power
 10232 | D:8      | Offered knowledge of Stone Arrow by Vehumet.
 10436 | Lair:1   | Entered Level 1 of the Lair of Beasts
 10436 | Lair:1   | Noticed bernadottes' ghost (experienced FoAK)
 11788 | Lair:1   | Reached XP level 11. HP: 61/61 MP: 12/22
 11790 | Lair:1   | Acquired Vehumet's third power
 11985 | Lair:1   | Killed bernadottes' ghost
 12135 | Lair:1   | Got a shimmering lead ring
 12166 | Lair:1   | Identified the ring "Migaoxze" {Fire Dex+2 Int-4} (You found it on level 1 of the Lair of Beasts)
 12198 | Lair:1   | Offered knowledge of Bolt of Draining by Vehumet.
 12198 | Lair:1   | Reached skill level 5 in Spellcasting
 12369 | Lair:1   | Got a crude halberd
 12713 | Lair:1   | Identified the +11 halberd of Klyot {chop, +Blink rN+ Int+2} (You found it on level 1 of the Lair of Beasts)
 12736 | Lair:1   | Drowned

Action                   |  1- 3 |  4- 6 |  7- 9 | 10-12 || total
-------------------------+-------+-------+-------+-------++-------
Melee: Unarmed           |    21 |    61 |       |       ||    82
       Whip              |       |       |    16 |   110 ||   126
       Staff             |       |       |     1 |    20 ||    21
 Cast: Flame Tongue      |    70 |   135 |   283 |   276 ||   764
       Sticky Flame      |       |     1 |    11 |    26 ||    38
       Fireball          |       |       |       |    14 ||    14
       Static Discharge  |       |       |       |     5 ||     5
       Conjure Flame     |       |       |       |     1 ||     1
  Use: Scroll            |     1 |     9 |     3 |     2 ||    15
       Potion            |       |     6 |     3 |     5 ||    14
  Eat: Chunk             |     3 |     9 |    15 |    14 ||    41
       Fruit             |       |       |       |     1 ||     1
